 Dungeon Crawl Stone Soup version 0.23.2-1-ga50397a (webtiles) character file.

Game seed: 12290229029733630075

115 grenoire the Skirmisher (level 5, -1/57 HPs)
             Began as an Ogre Berserker on May 3, 2019.
             Was a Believer of Trog.
             Slain by a goblin
             ... wielding a +0 club
             ... led by Robin
              (3 damage)
             ... on level 3 of the Dungeon.
             The game lasted 00:07:51 (2171 turns).

grenoire the Skirmisher (Ogre Berserker)            Turns: 2171, Time: 00:07:56

Health: -1/57      AC:  3    Str: 22    XL:     5   Next: 0%
Magic:  5/5        EV: 10    Int:  8    God:    Trog [**....]
Gold:   109        SH:  0    Dex:  8    Spells: 4/4 levels left

rFire    . . .     SeeInvis .   a - +0 mace
rCold    . . .     Gourm    .   (no shield)
rNeg     . . .     Faith    .   b - +0 animal skin
rPois    +         Spirit   .   (helmet restricted)
rElec    .         Reflect  .   (no cloak)
rCorr    .         Harm     .   (gloves unavailable)
MR       ++...     Rnd*Tele +   (boots unavailable)
Stlth    +.........             (no amulet)
HPRegen  1.19/turn              j - ring of poison resistance
MPRegen  0.09/turn              e - ring of teleportation (curse)

@: berserk cooldown, regenerating, slowed, very slow
A: large, unfitting armour, tough skin 1
a: Berserk, Trog's Hand, Renounce Religion


You were on level 3 of the Dungeon.
You worshipped Trog.
Trog was pleased with you.
You were very hungry.

You visited 1 branch of the dungeon, and saw 3 of its levels.

You collected 109 gold pieces.

Inventory:

Hand Weapons
 a - a +0 mace (weapon)
Armour
 b - a +0 animal skin (worn)
Jewellery
 e - a cursed ring of teleportation (right hand)
 j - a ring of poison resistance (left hand)
Scrolls
 g - 3 scrolls of identify
 i - a scroll of blinking
Potions
 d - a potion of lignification {unknown}
 f - a potion of ambrosia {unknown}
 h - a potion of flight
Comestibles
 c - 3 rations


   Skills:
 + Level 5.1 Fighting
 + Level 3.7 Maces & Flails
 + Level 3.5 Dodging
 + Level 0.2 Stealth


You had 4 spell levels left.
You didn't know any spells.
Your spell library was empty.

Dungeon Overview and Level Annotations

Branches:
Dungeon (3/15)

Altars:
Uskayaw
Wu Jian


Innate Abilities, Weirdness & Mutations

You are too large for most types of armour.
You have tough skin. (AC +1)


Message History

You closely miss the goblin.
You are no longer berserk.
You are exhausted.
You feel yourself slow down. The goblin hits you but does no damage.
The hobgoblin hits you with a +0 club.
* * * LOW HITPOINT WARNING * * *
The goblin closely misses you. The goblin hits you with a +0 club.
* * * LOW HITPOINT WARNING * * *
The goblin unwields a +0 hunting sling.
The goblin wields a +0 dagger.
The goblin hits you but does no damage. The hobgoblin misses you.
The goblin hits you with a +0 dagger.
* * * LOW HITPOINT WARNING * * *
Your skin crawls.
You feel resistant to hostile enchantments.
You are feeling very hungry.
The goblin hits you with a +0 dagger.
* * * LOW HITPOINT WARNING * * *
The hobgoblin closely misses you. The goblin misses you.
The goblin hits you with a +0 club.
You die...

#### ...# #### ##.# .....
.#.########## #####.....
............###ggg.$....
##.#..##......$.@gg.....
..[#..##.......ggg......
...#..##...รท(........###
##.#..##.......#######
..#..##.......#
#....##...)...#
#.#...........####
###............
#........####


You could see 2 hobgoblins and 6 goblins.

Vanquished Creatures
  Robin (D:3)
  4 adders (D:2)
  A worm (D:2)
  A dart slug (D:1)
  4 leopard geckos
  An orc (D:3)
  A ball python (D:3)
  4 giant cockroaches
  9 goblins
  4 hobgoblins (D:1)
  2 quokkas
  11 bats
  3 frilled lizards
  7 kobolds
  7 rats
60 creatures vanquished.

Notes
Turn   | Place    | Note
-------+----------+-------------------------------------------
     0 | D:1      | grenoire the Ogre Berserker began the quest for the Orb.
     0 | D:1      | Reached XP level 1. HP: 24/24 MP: 1/1
   191 | D:1      | Reached XP level 2. HP: 30/32 MP: 2/2
   612 | D:1      | Reached XP level 3. HP: 39/40 MP: 3/3
   851 | D:2      | Found a faded altar of an unknown god.
   977 | D:2      | Reached ** piety under Trog
  1325 | D:2      | Reached XP level 4. HP: 37/49 MP: 4/4
  1364 | D:2      | Reached skill level 5 in Fighting
  1406 | D:2      | Found a hide-covered altar of Uskayaw.
  1506 | D:2      | Found an ornate altar of the Wu Jian Council.
  2151 | D:3      | Noticed Robin
  2162 | D:3      | Killed Robin
  2168 | D:3      | Reached XP level 5. HP: 11/57 MP: 5/5
  2170 | D:3      | HP: 2/57 [goblin/+0 dagger[Robin] (1)]
  2171 | D:3      | Slain by a goblin

Skill      XL: |  1  2  3  4 |
---------------+-------------+-----
Maces & Flails | 3 |  3.7
Dodging        | 3 |  3.5
Fighting       | 5 |  5.1
Stealth        | |  0.2

Action                   |  1- 3 |  4- 6 || total
-------------------------+-------+-------++-------
Melee: Mace              |   110 |    96 ||   206
Invok: Berserk           |       |     1 ||     1
       Trog's Hand       |       |     1 ||     1
  Use: Potion            |     2 |     1 ||     3
       Scroll            |       |     4 ||     4
 Stab: Sleeping          |     1 |       ||     1
  Eat: Chunk             |     1 |       ||     1
       Ration            |       |     1 ||     1
Armor: Animal skin       |    58 |    48 ||   106
Dodge: Dodged            |    92 |    82 ||   174
